 Dungeon Crawl Stone Soup version 0.31.0-9-g3a7656b989 (webtiles) character file.

Game seed: 16531754748755827459

88 Chiseanne the Trooper (level 4, 0/34 HPs)
             Began as a Demonspawn Wanderer on Feb 3, 2024.
             Slain by an orc wizard
             ... wielding a +0 dagger
              (2 damage)
             ... on level 3 of the Dungeon.
             The game lasted 00:04:57 (2183 turns).

Chiseanne the Trooper (Demonspawn Wanderer)         Turns: 2183, Time: 00:04:58

Health: 0/34       AC:  5    Str: 14    XL:     4   Next: 30%
Magic:  4/4        EV: 10    Int: 10    God:
Gold:   294        SH:  0    Dex: 15    Spells: 3/3 levels left

rFire   . . .        a - +1 hand axe
rCold   . . .        d - +1 buckler
rNeg    . . .        h - +0 ring mail
rPois   .            (no helmet)
rElec   .            (no cloak)
rCorr   .            (no gloves)
SInv    .            (no boots)
Will    .....        (no amulet) Stlth
                     (no ring)
HPRegen 0.25/turn    (no ring)
MPRegen 0.18/turn

%: no passive effects
@: confused, on berserk cooldown, slowed, very slow
A: foul stench 1, magic regeneration
a: no special abilities


You were on level 3 of the Dungeon.
You visited 1 branch of the dungeon, and saw 3 of its levels.

You collected 294 gold pieces.

Inventory:

Hand Weapons
 a - a +1 hand axe (weapon)
 c - a +2 dagger
Missiles
 g - 28 stones
 j - 6 boomerangs (quivered)
 k - 8 poisoned darts
Armour
 d - a +1 buckler (worn)
 h - a +0 ring mail (worn)
Talismans
 p - a flux talisman
Scrolls
 e - a scroll of fog
 i - a scroll of enchant weapon
 l - a scroll of brand weapon {unknown}
Potions
 f - 2 potions of degeneration {unknown}
 m - a potion of mutation {unknown}
 n - a potion of might {unknown}
 o - a potion of magic {unknown}


   Skills:
 * Level 2.8 Fighting
 - Level 2.6 Axes
 * Level 1.6 Armour
 * Level 1.5 Dodging
 - Level 1.7 Stealth
 * Level 2.5 Shields
 - Level 1.0 Evocations


You had 3 spell levels left.
You didn't know any spells.
Your spell library contained the following spells:

 Spells                   Type           Power      Damage    Failure   Level
 Ensorcelled Hibernation  Hex/Ice        0%         N/A       85%         2
 Frozen Ramparts          Ice            0%         1d1       97%         3
 Passwall                 Erth           0%         N/A       97%         3
 Swiftness                Air            0%         N/A       97%         3
 Leda's Liquefaction      Alch/Erth      0%         N/A       100%        4
 Petrify                  Alch/Erth      0%         N/A       100%        4
 Metabolic Englaciation   Hex/Ice        0%         N/A       100%        5


Dungeon Overview and Level Annotations

Branches:
Dungeon (3/15)

Altars:

Shops:
D:2 [


Innate Abilities, Weirdness & Mutations

You may rarely emit foul miasma when damaged in melee.
You regenerate magic rapidly.


Message History

You barely miss something. Something hits you.
You hear some strange, mumbled words.
A puff of flame appears from out of thin air!
The puff of flame hits you.
You hit something.
You hear some strange, mumbled words.
A puff of flame appears from out of thin air!
The puff of flame hits you.
* * * LOW HITPOINT WARNING * * *
You hit something.
You hear some strange, mumbled words.
A puff of flame appears from out of thin air!
The puff of flame hits you!
* * * LOW HITPOINT WARNING * * *
You miss something. Something completely misses you.
A red film seems to cover your vision as you go berserk!
You feel yourself moving faster!
You feel mighty!
You hear some strange, mumbled words.
You are confused.
You feel a strong urge to attack something.
An orc wizard appears from thin air!
Reactivating autopickup.
The orc wizard hits you with a +0 dagger.
* * * LOW HITPOINT WARNING * * *
You see here a +0 club.
You closely miss the orc wizard.
The orc wizard is severely wounded.
The orc wizard mumbles some strange words.
The orc wizard flickers and vanishes!
Deactivating autopickup; reactivate with Ctrl-A.
You hear some strange, mumbled words.
Something tries to affect you, but you resist.
You feel a strong urge to attack something.
You bump into the rock wall.
Something hits you.
* * * LOW HITPOINT WARNING * * *
You bump into the rock wall.
You feel your anger nearly subside.
You are no longer berserk.
You are exhausted.
You feel yourself slow down. Something hits you.
You die...

..# .. #...#.# .
#..##.# #.. #. #..##.#
.#.. . #.. #.> #.# #...
# ..#..##.. #.# ...#.#
........# #.# .....#
.#. #......###.###.#..#
#...
#..$..@##.#......##...#
#...##){)...#.##.#.....
#.. ##.#.............
#.. #....#.......# #..
#..#.#.....#.# ..
............>.## . .
####............##.
#................
.........###..##.


There were no monsters in sight!

Vanquished Creatures
  2 adders (D:2)
  A dart slug (D:1)
  2 ribbon worms (D:2)
  6 orcs
  6 endoplasms
  3 giant cockroaches
  4 goblins
  3 hobgoblins
  3 jackals (D:2)
  3 quokkas
  7 ball pythons
  5 bats
  A frilled lizard (D:1)
  6 kobolds
  3 rats
55 creatures vanquished.

Notes
Turn   | Place    | Note
-------+----------+-------------------------------------------
     0 | D:1      | Chiseanne the Demonspawn Wanderer began the quest for the
                  | Orb.
     0 | D:1      | Chiseanne set off with the following items: a +2 dagger, a
                  | potion of berserk rage, a +0 hand axe, a +0 buckler, a
                  | scroll of fog, a +0 leather armour.
     0 | D:1      | Reached XP level 1. HP: 16/16 MP: 1/1
     3 | D:1      | Noticed an electric eel
   269 | D:1      | Gained mutation: You regenerate magic rapidly. [demonic
                  | ancestry]
   269 | D:1      | Reached XP level 2. HP: 22/22 MP: 2/2
   328 | D:1      | Noticed an electric eel
   912 | D:2      | Found Biny's Armour Boutique.
   973 | D:2      | Reached skill level 1 in Armour
   973 | D:2      | Reached skill level 1 in Dodging
   973 | D:2      | Reached XP level 3. HP: 18/28 MP: 3/3
  1649 | D:2      | Gained mutation: You may rarely emit foul miasma when
                  | damaged in melee. [demonic ancestry]
  1649 | D:2      | Reached XP level 4. HP: 17/34 MP: 4/4
  2183 | D:3      | Slain by an orc wizard

Illustrated notes

Levels and vault maps discovered:
D:1:      arrival_aquarium_b, layout_basic, glass_columns_a, minmay_quantized
D:2:      layout_basic, serial_shops, shop_coins, minmay_pentomino_z4
D:3:      due_chaos_kobolds, layout_rooms, overflow_temple_1_default,
          shapermc_ecumenical_altar_acropolis

Skill      XL: |  1  2 |
---------------+-------+-----
Shields        | 2 |  2.5
Armour         | 1 |  1.6
Dodging        | 1 |  1.5
Fighting       | |  2.8
Axes           | |  2.6
Stealth        | |  1.7
Evocations     | |  1.0

Action                     |  1- 3 |  4- 6 || total
---------------------------+-------+-------++-------
  Melee: Dagger            |    62 |       ||    62
         Hand axe          |    91 |    50 ||   141
    Use: Scroll            |     8 |       ||     8
         Potion            |       |     1 ||     1
   Stab: Sleeping          |     2 |     1 ||     3
 Armour: Ring mail         |    89 |    50 ||   139
         Leather armour    |     3 |       ||     3
  Dodge: Dodged            |    74 |    25 ||    99
  Block: Buckler           |    39 |    11 ||    50
